 Dungeon Crawl Stone Soup version 0.30.1-3-gfc49f6343a (webtiles) character file.

Game seed: 8036924400399594533

8 Peloso the Trooper (level 2, 27/27 HPs)
             Began as a Minotaur Fighter on Aug 5, 2023.
             Got out of the dungeon alive.
             The game lasted 00:00:48 (555 turns).

Peloso the Trooper (Minotaur Fighter)                Turns: 555, Time: 00:00:48

Health: 27/27      AC:  4    Str: 20    XL:     2   Next: 0%
Magic:  1/1        EV:  9    Int:  5    God:
Gold:   7          SH:  4    Dex:  9    Spells: 1/1 levels left

rFire   . . .        a - +0 long sword
rCold   . . .        c - +0 buckler
rNeg    . . .        b - +0 scale mail
rPois   .            (helmet restricted)
rElec   .            (no cloak)
rCorr   .            (no gloves)
SInv    .            (no boots)
Will    .....        (no amulet) Stlth
                     (no ring)
HPRegen 0.24/turn    (no ring)
MPRegen 0.07/turn

%: no passive effects
@: attractive, invisible
A: horns 2, retaliatory headbutt, deformed body, wild magic 1
a: no special abilities


You escaped.
You visited 1 branch of the dungeon, and saw 1 of its levels.

You collected 7 gold pieces.

Inventory:

Hand Weapons
 a - a +0 long sword (weapon)
Armour
 b - a +0 scale mail (worn)
 c - a +0 buckler (worn)
Scrolls
 e - a scroll of identify {unknown}
 l - a scroll of enchant weapon {unknown}
Potions
 d - a potion of might
 j - a potion of lignification {unknown}
 k - a potion of cancellation {unknown}


   Skills:
 + Level 4.1 Fighting
 + Level 2.5 Long Blades
 + Level 3.8 Armour
 + Level 3.6 Shields


You had one spell level left.
You didn't know any spells.
Your spell library was empty.

Dungeon Overview and Level Annotations

Branches:
Dungeon (1/15)

Altars:


Innate Abilities, Weirdness & Mutations

You have a pair of horns on your head.
You reflexively headbutt those who attack you in melee.
Armour fits poorly on your strangely shaped body.
Your spells are a little harder to cast, but a little more powerful.


Message History

Things that are here:
a +0 club; a goblin corpse
k - a ruby potion
Found a stone staircase leading down.
l - a scroll labelled HAL BIFFUPN
Found a scale mail.
You see here a +0 scale mail.
Found an escape hatch in the floor.
There is an escape hatch in the floor here.
You open the door.
There is an open door here.
There is a stone staircase leading down here.
Things that are here:
a +0 club; a goblin corpse
There is a shaft here.
Key pressed, stopping explore.
Done exploring.
Done exploring.
Done exploring.
Done exploring.
Done exploring.
The hound barks!
The komodo dragon hisses angrily.
The swamp drake roars!
The black mamba hisses angrily.
Done exploring.
Done exploring.
It was a potion of attraction.
You feel attractive to monsters.
Okay, then.
You drop a potion of attraction.
It was a potion of invisibility.
You fade into invisibility!
It was a potion of heal wounds.
You feel much better.
It was a potion of mutation.
You feel extremely strange.
Your body twists and deforms.
You feel less in control of your magic.
(D) Dungeon
Where to? (? - help)
Okay, then.
There is a staircase leading out of the dungeon here.
Are you sure you want to leave the Dungeon?
This will make you lose the game!
You have escaped!

###.8.......8.###
#...............#
#.8..#######..8.#
#....#shlkS#....#
#.8..#######..8.#
#...............#
#!............###
#....##########
###........@#
###########


There were no monsters in sight!

Vanquished Creatures
  An endoplasm (D:1)
  2 goblins (D:1)
  A quokka (D:1)
  A bat (D:1)
  A kobold (D:1)
  2 rats (D:1)
8 creatures vanquished.

Notes
Turn   | Place    | Note
-------+----------+-------------------------------------------
     0 | D:1      | Peloso the Minotaur Fighter began the quest for the Orb.
     0 | D:1      | Reached XP level 1. HP: 19/19 MP: 0/0
     6 | D:1      | Noticed a scorpion
     6 | D:1      | Noticed a hound
     6 | D:1      | Noticed a komodo dragon
     7 | D:1      | Noticed a swamp drake
     7 | D:1      | Noticed a black mamba
   274 | D:1      | Reached skill level 4 in Fighting
   275 | D:1      | Reached XP level 2. HP: 27/27 MP: 1/1
   545 | D:1      | Gained mutation: Armour fits poorly on your strangely
                  | shaped body. [potion of mutation]
   545 | D:1      | Gained mutation: Your spells are a little harder to cast,
                  | but a little more powerful. [potion of mutation]
   555 | D:$      | Got out of the dungeon alive.

Illustrated notes

Levels and vault maps discovered:
D:1:      onia_arrival_zoo_common, layout_basic

Skill      XL: |  1 |
---------------+----+-----
Fighting       | 4 |  4.1
Long Blades    | |  2.5
Armour         | |  3.8
Shields        | |  3.6

Action                     || total
---------------------------++-------
  Melee: Long sword        ||    17
    Use: Potion            ||     4
 Armour: Scale mail        ||     7
  Dodge: Dodged            ||    13
  Block: Buckler           ||     3
